 Dungeon Crawl Stone Soup version 0.30.1 (webtiles) character file.

Game seed: 2901872079614261278

6465 Peloso the Carver (level 10, 0/90 HPs)
             Began as a Minotaur Fighter on July 4, 2023.
             Was a Priest of Okawaru.
             Killed from afar by an oklob plant (18 damage)
             ... with a splash of acid
             ... on level 9 of the Dungeon.
             The game lasted 00:14:51 (8081 turns).

Peloso the Carver (Minotaur Fighter)                Turns: 8081, Time: 00:14:51

Health: 0/90       AC:  9    Str: 23    XL:     10   Next: 68%
Magic:  9/9        EV: 10    Int:  5    God:    Okawaru [***...]
Gold:   533        SH:  5    Dex: 12    Spells: 9/9 levels left

rFire   . . .        a - +0 scimitar (protect)
rCold   . . .        d - +0 buckler
rNeg    . . .        c - +1 chain mail
rPois   .            (helmet restricted)
rElec   .            u - +0 cloak
rCorr   .            (no gloves)
SInv    .            (no boots)
Will    .....        (no amulet) Stlth
                     l - +4 ring of protection
HPRegen 0.35/turn    k - ring of flight
MPRegen 0.11/turn

%: no passive effects
@: corroded, flying
A: horns 2, retaliatory headbutt
a: Renounce Religion, Heroism


You were on level 9 of the Dungeon.
You worshipped Okawaru.
Okawaru was most pleased with you.
You visited 2 branches of the dungeon, and saw 10 of its levels.

You collected 533 gold pieces.

Inventory:

Hand Weapons
 a - a +0 scimitar of protection (weapon)
 b - a +1 short sword of flaming
Missiles
 m - 3 throwing nets (quivered)
Armour
 c - a +1 chain mail (worn)
 d - a +0 buckler (worn)
 u - a +0 cloak (worn)
Jewellery
 k - a ring of flight (right hand)
 l - a +4 ring of protection (left hand)
Wands
 r - a wand of mindburst (20)
 s - a wand of quicksilver (8)
 t - a wand of polymorph (3)
 x - a wand of digging (6)
 y - a wand of iceblast (8)
Scrolls
 h - 3 scrolls of identify
 n - 2 scrolls of blinking
 o - a scroll of fear
 p - a scroll of enchant armour
 q - a scroll of enchant weapon
 w - a scroll of teleportation {unknown}
Potions
 e - 4 potions of might
 f - 2 potions of resistance
 g - 3 potions of brilliance
 i - a potion of mutation
 j - 9 potions of curing
 v - a potion of flight {unknown}
 z - a potion of haste {unknown}


   Skills:
 + Level 8.9 Fighting
 + Level 13.0 Long Blades
 + Level 9.2 Armour
 + Level 5.8 Dodging
 + Level 1.4 Stealth
 + Level 6.5 Shields
 + Level 0.2 Invocations


You had 9 spell levels left.
You didn't know any spells.
Your spell library contained the following spells:

 Spells                   Type           Power      Damage    Failure   Level
 Magic Dart               Conj           0%         1d3       96%         1
 Sting                    Tmut/Pois      0%         1d3       96%         1
 Poisonous Vapours        Pois/Air       0%         N/A       99%         2
 Mephitic Cloud           Conj/Pois/Air  0%         N/A       100%        3
 Manifold Assault         Tloc           0%         N/A       100%        4
 Olgreb's Toxic Radiance  Pois           0%         N/A       100%        4
 Passage of Golubria      Tloc           0%         N/A       100%        4
 Yara's Violent Unravell  Hex/Tmut       0%         3d3       100%        5
 Dispersal                Tloc           0%         N/A       100%        6
 Eringya's Noxious Bog    Tmut/Pois      0%         N/A       100%        6
 Disjunction              Tloc           0%         N/A       100%        8
 Call Imp                 Summ           Unusable   N/A       N/A         2
 Tukima's Dance           Hex            Unusable   N/A       N/A         3
 Summon Forest            Summ/Tloc      Unusable   N/A       N/A         5
 Summon Hydra             Summ           Unusable   N/A       N/A         7

Dungeon Overview and Level Annotations

Branches:
Dungeon (9/15)             Temple (1/1) D:7             Orc (0/2) D:9
   Lair: D:8-11

Altars:
Ashenzari
Cheibriados
Dithmenos
Elyvilon
Fedhas
Hepliaklqana
Kikubaaqudgha
Makhleb
Nemelex Xobeh
Okawaru
Qazlal
Ru
Uskayaw
Xom
Yredelemnul
Zin
The Shining One

Shops:
D:1 [   D:5 *

Annotations:
D:9 exclusion: 4 oklob plants


Innate Abilities, Weirdness & Mutations

You have a pair of horns on your head.
You reflexively headbutt those who attack you in melee.


Message History

z - a golden potion
e - 4 potions of might (gained 1)
You reach down and open the door.
There is an open door here.
There is a stone staircase leading down here.
There is an open door here.
There is an open door here.
There is an open door here.
You reach down and open the door.
There is an open door here.
You now have 494 gold pieces (gained 9).
You now have 505 gold pieces (gained 11).
You now have 517 gold pieces (gained 12).
You now have 533 gold pieces (gained 16).
Found a short sword.
Found a lajatang.
An oklob plant comes into view.
Found an escape hatch in the floor.
Marking area around an oklob plant as unsafe for travelling.
Found 21 gold pieces.
An oklob plant comes into view.
Marking area around an oklob plant as unsafe for travelling.
The oklob plant spits acid at you. The splash of acid hits you!!
The acid corrodes you!
A floating eye comes into view.
The floating eye seems to glare at you. The oklob plant spits acid at you.
The splash of acid hits you. The acid corrodes you!
The floating eye gazes piercingly through you!
You suddenly lose the ability to move!
The oklob plant spits acid at you. The splash of acid hits you!!
The floating eye seems to glare at you. The oklob plant spits acid at you.
The splash of acid hits you!!
* * * LOW HITPOINT WARNING * * *
You can move again.
The oklob plant spits acid at you. The splash of acid hits you!!
You die...

.......PPP.
........P)...P......#
........PP.$PP......#
###.....PPGPP.......#
# #.....PPPP........#
# #.......P.........
####..............#
......)...........#.#
###.....$.......@...#
##...........######
#############


You could see an oklob plant and a floating eye (charged).

Vanquished Creatures
  A two-headed ogre (D:9)
  8 yaks
  4 wyverns
  A water moccasin (D:6)
  7 orc warriors (D:9)
  A sky beast (D:8)
  An ogre (D:6)
  2 black bears (D:6)
  A centaur (D:9)
  4 phantoms
  3 kobold brigands
  3 bullfrogs
  A gnoll sergeant (D:5)
  2 scorpions
  10 wights
  8 killer bees
  2 howler monkeys (D:5)
  2 jellies (D:5)
  5 hounds
  A gnoll bouda (D:8)
  7 orc priests
  2 iguanas
  2 sleepcaps
  10 orc wizards
  9 gnolls
  7 adders
  4 shadow imps
  A white imp (D:6)
  An ufetubus (D:6)
  53 orcs
  4 ball pythons
  6 bats
  6 endoplasms
  2 giant cockroaches
  3 goblins (D:1)
  3 hobgoblins
  7 jackals
  2 quokkas
  4 frilled lizards
  18 kobolds
  4 rats
222 creatures vanquished.

Notes
Turn   | Place    | Note
-------+----------+-------------------------------------------
     0 | D:1      | Peloso the Minotaur Fighter began the quest for the Orb.
     0 | D:1      | Reached XP level 1. HP: 19/19 MP: 0/0
   221 | D:1      | Reached XP level 2. HP: 27/27 MP: 1/1
   587 | D:1      | Found Reissi Yniu's Armour Shop.
   728 | D:1      | You fall into a shaft and drop 1 floor!
   898 | D:2      | Reached skill level 3 in Long Blades
   898 | D:2      | Reached XP level 3. HP: 24/33 MP: 2/2
   958 | D:2      | Found a faded altar of an unknown god.
  1508 | D:3      | Reached XP level 4. HP: 40/40 MP: 3/3
  1740 | D:3      | Found a broken altar of Ashenzari.
  2042 | D:4      | Noticed a phantom
  2065 | D:4      | Killed a phantom
  2066 | D:4      | Reached skill level 4 in Long Blades
  2066 | D:4      | Reached XP level 5. HP: 46/46 MP: 4/4
  2174 | D:4      | Reached skill level 5 in Armour
  2228 | D:4      | Reached skill level 5 in Long Blades
  2472 | D:4      | Reached XP level 6. HP: 51/53 MP: 5/5
  2594 | D:5      | Entered Level 5 of the Dungeon
  2620 | D:5      | Found Zin's Purification Station.
  2643 | D:5      | Found a glowing silver altar of Zin.
  2900 | D:5      | Reached skill level 6 in Long Blades
  3001 | D:5      | Reached skill level 1 in Dodging
  3001 | D:5      | Reached XP level 7. HP: 45/60 MP: 6/6
  3005 | D:5      | Reached skill level 5 in Fighting
  3090 | D:5      | Reached skill level 7 in Long Blades
  3562 | D:6      | Reached skill level 5 in Shields
  3651 | D:6      | Reached skill level 8 in Long Blades
  3663 | D:6      | Reached XP level 8. HP: 68/69 MP: 7/7
  4107 | D:6      | Reached skill level 9 in Long Blades
  4915 | D:7      | Found a staircase to the Ecumenical Temple.
  4928 | Temple   | Entered the Ecumenical Temple
  4933 | Temple   | Became a worshipper of Warmaster Okawaru
  5001 | D:7      | Reached XP level 9. HP: 73/78 MP: 8/8
  5261 | D:7      | Reached * piety under Okawaru
  5262 | D:7      | Reached skill level 10 in Long Blades
  5279 | D:7      | Reached skill level 5 in Dodging
  5302 | D:7      | Reached skill level 11 in Long Blades
  5449 | D:7      | Reached ** piety under Okawaru
  6231 | D:8      | Reached XP level 10. HP: 86/86 MP: 9/9
  6253 | D:8      | Reached skill level 1 in Stealth
  7113 | D:9      | Noticed a two-headed ogre
  7120 | D:9      | Killed a two-headed ogre
  7120 | D:9      | Reached *** piety under Okawaru
  7121 | D:9      | Reached skill level 12 in Long Blades
  7701 | D:9      | Noticed an oklob plant
  7702 | D:9      | Noticed an oklob plant
  7892 | D:9      | Found a staircase to the Orcish Mines.
  7937 | D:9      | Reached skill level 13 in Long Blades
  8066 | D:9      | Noticed an oklob plant
  8068 | D:9      | Noticed an oklob plant
  8078 | D:9      | Paralysed by a floating eye for 3 turns
  8081 | D:9      | Killed from afar by an oklob plant

Illustrated notes

Levels and vault maps discovered:
D:1:      dpeg_arrival_solitude, layout_loops_cross, serial_shops,
          nicolae_shop_window_shopping
D:2:      layout_loops_ring, shapermc_ecumenical_altar_ellora
D:3:      layout_loops_ring, mainiacjoe_overflow_catwalk
D:4:      layout_basic
D:5:      layout_basic, zin_purify
D:6:      minmay_general_purpose_star, layout_basic, minmay_misc_feat_alley,
          eino_curves_01
D:7:      layout_basic, minmay_temple_entry_antechambers
D:8:      layout_basic
D:9:      layout_roguey, marbit_many_paths, orc_0_dummy, special_room
          [special_room_orc], minivault_22, disabler_island
Temple:   minmay_freezing_vapour_temple

Skill      XL: |  1  2  3  4  5  6  7  8  9 10 |
---------------+-------------------------------+-----
Armour         | 4 5 6 7 9 |  9.2
Fighting       | 4 5 6 8 |  8.9
Shields        | 4 5 6 |  6.5
Long Blades    | 3 4 5 6 8 9 11 13 | 13.0
Dodging        | 1 4 5 |  5.8
Stealth        | 1 |  1.4
Invocations    | |  0.2

Action                     |  1- 3 |  4- 6 |  7- 9 | 10-12 || total
---------------------------+-------+-------+-------+-------++-------
  Melee: Long sword        |    77 |    13 |       |       ||    90
         Headbutt          |    11 |    22 |    53 |    43 ||   129
         Scimitar          |       |    99 |   311 |   184 ||   594
 Invoke: Heroism           |       |       |       |     3 ||     3
    Use: Potion            |     4 |     1 |       |       ||     5
         Scroll            |     4 |       |     3 |       ||     7
 Armour: Scale mail        |    10 |       |       |       ||    10
         Chain mail        |    41 |    68 |   188 |    57 ||   354
  Dodge: Dodged            |    43 |    31 |   110 |    74 ||   258
  Block: Buckler           |    20 |    28 |    73 |    31 ||   152
